 Dungeon Crawl Stone Soup version 0.30-a0-913-g9934a0ce24 (webtiles) character file.

Game seed: 6971391480806940829

1378 lesbiats the Ruffian (level 8, 0/79 HPs)
             Began as a Troll Fighter on Mar 20, 2023.
             Was a Believer of Wu Jian.
             Slain by a gnoll sergeant
             ... wielding a +0 spear
              (11 damage)
             ... on level 5 of the Dungeon.
             The game lasted 00:08:52 (4134 turns).

lesbiats the Ruffian (Troll Fighter)                Turns: 4134, Time: 00:08:53

Health: 0/79       AC:  4    Str: 25    XL:     8   Next: 39%
Magic:  7/7        EV:  9    Int:  8    God:    Wu Jian [**....]
Gold:   61         SH: 10    Dex: 15    Spells: 7/7 levels left

rFire   . . .      SeeInvis .      - Unarmed
rCold   . . .      Faith    .    b - +0 kite shield
rNeg    . . .      Spirit   .    s - +0 robe of Leapfrog {Fly Int+2 Dex+6 Slay+2}
rPois   .          Reflect  .    (helmet restricted)
rElec   .          Rampage  .    (no cloak)
rCorr   .                        (gloves unavailable)
Will    .....                    (boots unavailable)
Stlth   +                        (no amulet)
HPRegen 1.13/turn                f - ring of flight
MPRegen 0.10/turn                (no ring)

@: flying, studying Axes
A: large, unfitting armour, claws 3, regeneration 1, shaggy fur 1, tough skin 1
a: Renounce Religion, Wall Jump


You were on level 5 of the Dungeon.
You worshipped Wu Jian.
Wu Jian was pleased with you.
You visited 1 branch of the dungeon, and saw 5 of its levels.
You also visited: Sewer.

You collected 186 gold pieces.
You spent 125 gold pieces at shops.

Inventory:

Missiles
 d - 4 boomerangs (quivered)
 q - 7 poisoned darts
Armour
 a - a +0 robe
 b - a +0 kite shield (worn)
 s - the +0 robe of Leapfrog (worn) {Fly Int+2 Dex+6 Slay+2}
   (You bought it in a shop on level 2 of the Dungeon)

   Int:       It affects your intelligence (+2).
   Dex:       It affects your dexterity (+6).
   Slay:      It affects your accuracy & damage with ranged weapons and melee
   (+2).
   Fly:       It grants you flight.
Jewellery
 f - a ring of flight (left claw)
Wands
 o - a wand of digging (8)
Scrolls
 i - 2 scrolls of poison {unknown}
 k - 3 scrolls of noise {unknown}
 l - 5 scrolls of identify
 n - 2 scrolls of magic mapping {unknown}
 r - a scroll of brand weapon {unknown}
 t - a scroll of blinking {unknown}
 u - a scroll of teleportation {unknown}
Potions
 c - 4 potions of might
 e - 2 potions of mutation {unknown}
 g - 2 potions of attraction
 h - a potion of haste {unknown}
 j - 4 potions of degeneration
 m - 2 potions of resistance {unknown}
 p - a potion of magic {unknown}


   Skills:
 + Level 4.9 Fighting
 - Level 2.4 Dodging
 + Level 5.4 Shields
 * Level 7.6 Unarmed Combat


You had 7 spell levels left.
You didn't know any spells.
Your spell library contained the following spells:

 Spells                   Type           Power      Damage    Failure   Level
 Lesser Beckoning         Tloc           0%         N/A       82%         2
 Gell's Gravitas          Tloc           0%         N/A       96%         3
 Teleport Other           Tloc           0%         N/A       96%         3
 Tukima's Dance           Hex            0%         N/A       96%         3
 Animate Armour           Summ/Erth      0%         N/A       100%        4
 Passage of Golubria      Tloc           0%         N/A       100%        4
 Blade Hands              Tmut           0%         N/A       100%        5
 Summon Forest            Summ/Tloc      0%         N/A       100%        5
 Summon Mana Viper        Hex/Summ       0%         N/A       100%        5
 Yara's Violent Unravell  Hex/Tmut       0%         3d3       100%        5
 Iron Shot                Conj/Erth      0%         9d1       100%        6
 Summon Cactus Giant      Summ           0%         N/A       100%        6


Dungeon Overview and Level Annotations

Branches:
Dungeon (5/15)              Sewer (visited)
 Temple: D:4-7

Altars:
Elyvilon
Nemelex Xobeh
Wu Jian
Zin

Shops:
D:2 [   D:3 *


Innate Abilities, Weirdness & Mutations

You are too large for most types of armour.
You have claws for hands.
Your natural rate of healing is unusually fast.
You are covered in fur. (AC +1)
You have tough skin. (AC +1)


Message History

The white imp hits you but does no damage.
You closely miss the white imp.
The gnoll sergeant hits you from afar with a +0 spear.
The sleepcap barely misses you. You block the iguana's attack.
The white imp misses you.
You mangle the white imp!!
You kill the white imp!
The Council accepts your kill. The iguana misses you.
The gnoll sergeant completely misses you.
The sleepcap closely misses you.
You mangle the sleepcap!!
The sleepcap is severely damaged.
The iguana bites you!
The gnoll sergeant hits you from afar with a +0 spear.
The sleepcap barely misses you.
You scratch the sleepcap.
The sleepcap is almost destroyed.
The iguana barely misses you.
The gnoll sergeant hits you from afar with a +0 spear!
The sleepcap releases spores at you!
You are engulfed in a cloud of soporific spores!
You fall asleep.
The iguana bites you but does no damage.
The gnoll sergeant hits you from afar with a +0 spear!!
You wake up.
* * * LOW HITPOINT WARNING * * *
The sleepcap closely misses you.
You claw the sleepcap!
You destroy the sleepcap!
The Council accepts your kill. You block the iguana's attack.
The gnoll sergeant completely misses you.
The iguana attacks as you move away!
The iguana bites you but does no damage.
You scratch the iguana.
The iguana is lightly wounded.
You block the iguana's attack.
The gnoll sergeant hits you from afar with a +0 spear!
You die...

#######################
...........#...#...#..#
..#..##....+..gl@..[..#
#.#..)..##.#...#..†#.[#
#...##.....######'#####
......................#
....<..........########
.........##....#
.........##....#
...##..........#
#####..........#


You could see a gnoll sergeant and an iguana.

Vanquished Creatures
  Grinder (Sewer)
  Edmund (D:4)
  An ice beast (D:5)
  A black bear (D:5)
  An orc warrior (D:5)
  An ogre (D:5)
  A phantom (D:2)
  A kobold brigand (Sewer)
  A scorpion (D:3)
  A hound (D:5)
  2 quasits (Sewer)
  2 jellies
  3 iguanas
  A sleepcap (D:5)
  2 orc wizards (D:5)
  8 adders
  2 river rats (D:4)
  2 shadow imps (Sewer)
  A white imp (D:5)
  4 ufetubi
  An adder zombie (Sewer)
  3 worms
  2 dart slugs
  9 orcs
  3 ball pythons
  3 endoplasms
  6 giant cockroaches
  6 goblins
  3 hobgoblins
  2 jackals (D:2)
  5 quokkas
  9 bats
  2 frilled lizards (D:1)
  23 kobolds
  A kobold zombie (Sewer)
  6 rats
121 creatures vanquished.

Vanquished Creatures (others)
  2 plants (D:4)
2 creatures vanquished.

Grand Total: 123 creatures vanquished

Notes
Turn   | Place    | Note
-------+----------+-------------------------------------------
     0 | D:1      | lesbiats the Troll Fighter began the quest for the Orb.
     0 | D:1      | Reached XP level 1. HP: 22/22 MP: 0/0
   145 | D:1      | Reached XP level 2. HP: 29/29 MP: 1/1
   720 | D:2      | Reached XP level 3. HP: 33/36 MP: 2/2
   858 | D:2      | Reached skill level 3 in Unarmed Combat
   903 | D:2      | Found a sparkling altar of Nemelex Xobeh.
  1015 | D:2      | Found a faded altar of an unknown god.
  1077 | D:2      | Noticed a phantom
  1086 | D:2      | Killed a phantom
  1087 | D:2      | Reached skill level 4 in Unarmed Combat
  1087 | D:2      | Reached XP level 4. HP: 39/45 MP: 3/3
  1087 | D:2      | Reached XP level 5. HP: 46/53 MP: 4/4
  1225 | D:2      | Found Radgh's Antique Armour Shoppe.
  1936 | D:3      | Found Maesh's General Store.
  2186 | D:4      | Found an ornate altar of the Wu Jian Council.
  2195 | D:4      | Became a worshipper of the Wu Jian Council
  2240 | D:4      | Reached XP level 6. HP: 30/61 MP: 5/5
  2326 | D:4      | Noticed Edmund
  2336 | D:4      | Killed Edmund
  2337 | D:4      | Reached skill level 5 in Unarmed Combat
  2418 | D:4      | Found a glowing drain.
  2426 | Sewer    | Entered a sewer
  2459 | Sewer    | Reached * piety under Wu Jian
  2621 | Sewer    | Found a burning altar of Makhleb.
  2636 | Sewer    | Reached XP level 7. HP: 68/68 MP: 6/6
  2647 | Sewer    | Noticed Grinder
  2660 | Sewer    | Killed Grinder
  2661 | Sewer    | Reached skill level 6 in Unarmed Combat
  3142 | D:4      | Found a white marble altar of Elyvilon.
  3300 | D:4      | Found a glowing silver altar of Zin.
  3526 | D:2      | Bought a brightly glowing robe for 125 gold pieces
  3526 | D:2      | Identified the +0 robe of Leapfrog {Fly Int+2 Dex+6 Slay+2}
                  | (You bought it in a shop on level 2 of the Dungeon)
  3621 | D:5      | Entered Level 5 of the Dungeon
  3736 | D:5      | Reached ** piety under Wu Jian
  3781 | D:5      | Reached skill level 5 in Shields
  3781 | D:5      | Reached skill level 7 in Unarmed Combat
  3781 | D:5      | Reached XP level 8. HP: 43/79 MP: 7/7
  4134 | D:5      | Slain by a gnoll sergeant

Illustrated notes

Levels and vault maps discovered:
D:1:      dpeg_arrival_boxorama, layout_basic
D:2:      layout_loops_ring, basic_altar, serial_shops, shop,
          ebering_ecumenical_altar_sacrificial
D:3:      layout_loops_corners, serial_shops, nicolae_shop_trees,
          columned_hall_lemuel, minmay_fountain_box
D:4:      layout_loops_ring, zin_academy, nicolae_elyvilon_temple_path,
          mainiacjoe_overflow_tiny_flanked, gup_sewer_entry_bubbles, uniq_edmund
D:5:      minmay_thinvault, layout_gridville

Skill      XL: |  1  2  3  4  5  6  7 |
---------------+----------------------+-----
Shields        | 3 4 5 |  5.4
Unarmed Combat | 4 5 7 |  7.6
Fighting       | 3 4 |  4.9
Dodging        | |  2.4

Action                     |  1- 3 |  4- 6 |  7- 9 || total
---------------------------+-------+-------+-------++-------
  Melee: Unarmed           |   134 |   140 |    91 ||   365
  Throw: Boomerang         |    11 |    10 |       ||    21
Ability: Lunge             |       |    14 |     7 ||    21
         Whirlwind         |       |     1 |     1 ||     2
    Use: Scroll            |       |     2 |       ||     2
   Stab: Sleeping          |     1 |     1 |     2 ||     4
 Armour: Robe              |    43 |    34 |    19 ||    96
  Dodge: Dodged            |    54 |    27 |    34 ||   115
  Block: Kite shield       |    49 |    58 |    35 ||   142

Table legend: (Time is in decaauts)
 A = Elapsed time spent in this place.
 B = Non-inter-level travel time spent in this place.
 C = Inter-level travel time spent in this place.
 D = Time resting spent in this place.
 E = Time spent auto-exploring this place.
 F = Levels seen in this place.
 G = Mean time per level.
                   A        B        C        D        E       F      G
               +--------+--------+--------+--------+--------+-----+--------+
         Total |   4159 |   3899 |    260 |     24 |   2694 |   6 |  693.2 |
       Dungeon |   3698 |   3438 |    260 |     24 |   2582 |   5 |  739.6 |
         Sewer |    461 |    461 |      0 |      0 |    112 |   1 |  461.0 |
               +--------+--------+--------+--------+--------+-----+--------+

Top non-repeatable levels by time:
     D:3: 984 daAuts
     D:4: 834 daAuts
     D:1: 719 daAuts
     D:2: 647 daAuts
     D:5: 512 daAuts
   Sewer: 461 daAuts
